[Event "Team 45 45 League T63"]
[Site "Internet Chess Club"]
[Date "2015.01.12"]
[Round "6"]
[White "Herbie1"]
[Black "hondocando"]
[Result "1/2-1/2"]
[WhiteElo "1644"]
[BlackElo "1625"]
[Opening "French: Labourdonnais variation"]
[ECO "C00"]
[Time "06:02:46"]
[TimeControl "2700+45"]

1. e4 e6 2. f4 c5 3. Nf3 Nc6 4. Bc4 d6 5. O-O Be7 6. c3 Nf6 7. d3 O-O 8. Na3 Bd7
9. Nc2 Na5 10. Ne3 b5 11. Bb3 Nxb3 12. axb3 d5 13. e5 Ne8 14. Nc2 a5 15. d4 Nc7
16. Be3 Na6 17. Qd2 Qc7 18. Ra2 cxd4 19. Ncxd4 Nc5 20. Rfa1 Ne4 21. Qd3 Rfb8 22.
Nd2 Nxd2 23. Qxd2 Bc5 24. b4 Bb6 25. bxa5 Rxa5 26. Rxa5 Bxa5 27. b4 Bb6 28. Kf2
h6 29. Ra3 Qc8 30. Qd3 g6 31. Kf3 Bxd4 32. Bxd4 Qc4 33. Qxc4 dxc4 34. Ke3 Bc6
35. g3 h5 36. Ra2 Rd8 37. Rd2 Bd5 38. Bb6 Rb8 39. Ba5 Ra8 40. Kd4 Ra6 41. Kc5 f6
42. Kxb5 Ra8 43. exf6 Kf7 44. Ka4 Kxf6 45. b5 Ke7 46. b6 Kd7 47. Kb4 Kc6 48. Rd1
Kb7 49. Rg1 Rf8 50. Kb5 Rc8 51. g4 hxg4 52. Rxg4 Bc6+ 53. Kb4 Be4 54. h4 Bf5 55.
Rg5 Ka6 56. h5 Rg8 57. hxg6 Rxg6 58. Rxg6 Bxg6 59. Kxc4 Be4 60. Kb4 Bd3 61. c4
Be4 62. c5 Bc6 63. b7 Bxb7 64. Bc7 Bc6 65. Bd6 Bb5 66. Kc3 Bc6 67. Kd4 Kb5 68.
Ke5 Bd5 69. Kf6 Kc6 70. Ke5 Bc4 71. Kd4 Bd5 72. Ke5 {Game drawn by mutual
agreement} 1/2-1/2

[Event "Team 45 45 League T63"]
[Site "Internet Chess Club"]
[Date "2015.01.11"]
[Round "6"]
[White "Chesslov"]
[Black "julesraider"]
[Result "1/2-1/2"]
[WhiteElo "1542"]
[BlackElo "1561"]
[Opening "Caro-Kann: advance variation"]
[ECO "B12"]
[Time "20:00:30"]
[TimeControl "2700+45"]

1. e4 c6 2. d4 d5 3. e5 c5 4. c3 Qb6 5. Nf3 Bg4 6. Be2 Nc6 7. dxc5 Qd8 8. Bb5 a6
9. Be2 e6 10. Bf4 Bxc5 11. h3 Bh5 12. Nbd2 Qb6 13. O-O Qc7 14. Nb3 Ba7 15. Nfd4
Bxe2 16. Qxe2 Nge7 17. Rac1 Na5 18. Qg4 Ng6 19. Rfe1 Nc4 20. Rc2 O-O 21. Bg3 b5
22. h4 a5 23. Nxb5 Qb6 24. a4 Bb8 25. N3d4 Ngxe5 26. Bxe5 Nxe5 27. Qe2 Qd8 28.
g3 Qf6 29. f4 Nc4 30. b3 Nd6 31. Nc6 Nxb5 32. Nxb8 Nxc3 33. Qd3 Raxb8 34. Rxc3
Qd8 35. Rec1 Qb6+ 36. Kg2 Qb4 37. h5 Qe4+ 38. Qxe4 dxe4 39. Kf2 f5 40. Rb1 Kf7
41. Rc7+ Kf6 42. Ra7 Ra8 43. Rb7 Rfb8 44. Rc7 Rb4 45. h6 Rab8 46. hxg7 Rd4 47.
Ke2 h5 48. Rb2 Rd3 49. Kf2 Rf3+ 50. Kg2 Rg8 51. b4 axb4 52. Rxb4 Rxg7 53. Rxg7
Kxg7 54. Rb7+ Kf6 55. a5 Ra3 56. Rb5 Ra2+ 57. Kh3 e3 58. a6 Rxa6 59. Re5 Ra3 60.
Kh4 Ra2 61. Kh3 Re2 62. Ra5 Rd2 63. Re5 e2 64. Re3 Kf7 65. Re5 Ke7 66. Re3 Kd6
67. Re5 Rc2 68. Re3 Rd2 69. Re5 Ke7 70. Re3 Kf6 71. Re5 Rd5 72. Rxe2 e5 73. Rxe5
Rxe5 74. fxe5+ Kxe5 75. Kh4 Ke4 76. Kxh5 Kf3 77. Kh4 Ke4 78. Kh3 Kf3 79. Kh2 Kf2
80. Kh3 Kf3 81. Kh2 Kg4 82. Kg2 f4 83. gxf4 Kxf4 {Game drawn because neither
player has mating material} 1/2-1/2

[Event "Team 45 45 League T63"]
[Site "Internet Chess Club"]
[Date "2015.01.11"]
[Round "6"]
[White "GregoryViking"]
[Black "RD1974"]
[Result "1-0"]
[WhiteElo "1609"]
[BlackElo "1623"]
[Opening "French: advance, Paulsen attack"]
[ECO "C02"]
[Time "17:06:28"]
[TimeControl "2700+45"]

1. e4 e6 2. d4 d5 3. e5 c5 4. c3 Nc6 5. Nf3 Qb6 6. Be2 Nh6 7. O-O Nf5 8. g4 Nh6
9. h3 Bd7 10. Na3 a6 11. Rb1 Be7 12. Be3 c4 13. Qd2 Ng8 14. Nc2 a5 15. Nce1 a4
16. Ng2 Qd8 17. b3 cxb3 18. axb3 a3 19. b4 Na7 20. Ra1 Nb5 21. Ra2 Ra7 22. Rfa1
Qa8 23. Qc1 f6 24. Bxb5 Bxb5 25. Rxa3 Rxa3 26. Qxa3 Qxa3 27. Rxa3 h5 28. gxh5
Rxh5 29. Nf4 Rh7 30. Nxe6 Kd7 31. Nf4 Bc6 32. Kg2 Nh6 33. Rb3 Ba4 34. Ra3 Bc6
35. Ra5 Nf5 36. Nxd5 Bd8 37. e6+ Ke8 38. Nxf6+ gxf6 39. Rxf5 Rg7+ 40. Kf1 Be4
41. Rf4 Bd3+ 42. Ke1 Ke7 43. d5 b6 44. Bd4 Rg6 45. Nh4 Rg1+ 46. Kd2 Bb1 47.
Bxf6+ Ke8 48. d6 Bxf6 49. Rxf6 Ba2 50. d7+ Ke7 51. Ng6+ Kxf6 52. d8=Q+ Kxe6 53.
Qxb6+ Kd7 54. Qa7+ Kd6 55. Qxa2 {Black resigns} 1-0

[Event "Team 45 45 League T63"]
[Site "Internet Chess Club"]
[Date "2015.01.12"]
[Round "6"]
[White "krysto"]
[Black "Aquaman"]
[Result "1-0"]
[WhiteElo "1595"]
[BlackElo "1337"]
[Opening "Kevitz-Trajkovich defense"]
[ECO "A50"]
[Time "15:03:22"]
[TimeControl "2700+45"]

1. d4 Nf6 2. c4 Nc6 3. Nf3 e6 4. Bg5 h6 5. Bh4 g5 6. Bg3 Bb4+ 7. Nc3 Ne4 8. Qc2
Nxg3 9. hxg3 Qf6 10. e3 Be7 11. a3 d6 12. Bd3 Qg7 13. d5 exd5 14. Nxd5 Bd8 15.
O-O Be6 16. e4 O-O 17. Rfe1 Ne7 18. b4 c6 19. Ne3 f5 20. exf5 Bd7 21. Rad1 Nc8
22. Qb3 Kh8 23. Qc2 Bf6 24. Ng4 Bd8 25. Re2 Ne7 26. f6 Rxf6 27. Nxf6 Qxf6 28.
Red2 Bc7 29. Be4 Rf8 30. Nh2 Bc8 31. Bf3 Ng6 32. Bh5 Ne5 33. Qe4 Qf5 34. Qd4 Qf6
35. Bf3 Be6 36. Be2 Kg8 37. Qxa7 Rb8 38. Qd4 Qf7 39. Ng4 Nxg4 40. Bxg4 Bxc4 41.
Re1 Kf8 42. Qh8+ Qg8 43. Qxh6+ Qg7 44. Qxg7+ Kxg7 45. Re7+ {Black resigns} 1-0

[Event "Team 45 45 League T63"]
[Site "Internet Chess Club"]
[Date "2015.01.11"]
[Round "6"]
[White "amicusUK"]
[Black "otherook"]
[Result "1-0"]
[WhiteElo "1720"]
[BlackElo "1769"]
[Opening "Queen's pawn"]
[ECO "A40"]
[Time "11:00:26"]
[TimeControl "2700+45"]

1. d4 e6 2. Nf3 f5 3. e3 Nf6 4. Bd3 d5 5. c4 c6 6. b3 Bd6 7. O-O Qe7 8. Bb2 O-O
9. Nc3 b6 10. Ne5 Bb7 11. cxd5 cxd5 12. Nb5 Na6 13. Nxd6 Qxd6 14. Qd2 Ne4 15.
Qe1 Qb4 16. Qe2 Qa5 17. f3 Nf6 18. a3 Rac8 19. Bc1 b5 20. Bxb5 Nc7 21. Bd3 Qb6
22. Bd2 a5 23. Rfc1 Ba6 24. Rc6 Bxd3 25. Qxd3 Qb5 26. Rac1 Qxd3 27. Nxd3 {Black
resigns} 1-0

[Event "Team 45 45 League T63"]
[Site "Internet Chess Club"]
[Date "2015.01.13"]
[Round "6"]
[White "Jyzzslynggur"]
[Black "Innes"]
[Result "1-0"]
[WhiteElo "1720"]
[BlackElo "1546"]
[Opening "Van't Kruijs opening"]
[ECO "A00"]
[Time "17:00:36"]
[TimeControl "2700+45"]

1. e3 Nf6 2. f4 d5 3. Nf3 c6 4. Be2 Bg4 5. b3 Bxf3 6. Bxf3 Nfd7 7. Bb2 f5 8.
Bh5+ g6 9. Bxh8 Nf6 10. Bxf6 exf6 11. Be2 Bd6 12. O-O Nd7 13. Qe1 Qe7 14. a3
O-O-O 15. b4 g5 16. fxg5 Qe5 17. Qg3 Qe7 18. Qh3 fxg5 19. Rxf5 Kb8 20. Bd3 Qg7
21. c3 h5 22. g3 h4 23. g4 Ne5 24. Be2 Rg8 25. a4 Nd7 26. Na3 Bxb4 27. Nc2 Bd6
28. Raf1 Ne5 29. Nd4 Qd7 30. Nf3 Nf7 31. Rf2 Qe7 32. Qf1 Nh6 33. Nd4 Nxf5 34.
Nxf5 Qd7 35. Nxd6 Qxd6 36. Rf7 Qa3 37. Qb1 Qxa4 38. Qxb7# {Black checkmated} 1-0

[Event "Team 45 45 League T63"]
[Site "Internet Chess Club"]
[Date "2015.01.08"]
[Round "6"]
[White "justice02"]
[Black "frank001"]
[Result "0-1"]
[WhiteElo "1686"]
[BlackElo "1858"]
[Opening "Dutch defense, Rubinstein variation"]
[ECO "A96"]
[Time "23:10:18"]
[TimeControl "2700+45"]

1. d4 f5 2. c4 e6 3. Nc3 Nf6 4. Nf3 Be7 5. g3 O-O 6. Bg2 d6 7. O-O Ne4 8. Qc2
Nxc3 9. bxc3 Nc6 10. Rb1 Na5 11. Qa4 b6 12. Nd2 Rb8 13. Ba3 Bd7 14. Qc2 Qe8 15.
e4 Ba4 16. Qd3 Qh5 17. exf5 Rxf5 18. Be4 Rf6 19. Nb3 Nc6 20. Bc1 Rbf8 21. Be3
Nd8 22. Nd2 Bc6 23. d5 Bd7 24. dxe6 Nxe6 25. Qd5 Qh3 26. Bg2 Qg4 27. h3 Qg6 28.
Be4 Qf7 29. Bg2 Kh8 30. Ne4 Rf5 31. Qd2 Nd8 32. g4 Ra5 33. Qe2 Nc6 34. f4 Ra4
35. Nd2 Na5 36. Qd3 Be6 37. Bd5 Rxa2 38. Ra1 Rxa1 39. Rxa1 Bxd5 40. cxd5 Bf6 41.
Nc4 Nxc4 42. Qxc4 a5 43. g5 Bd8 44. Qd3 Re8 45. c4 h6 46. Rf1 Qh5 47. gxh6 Qxh6
48. Bd4 Bf6 49. Bxf6 Qxf6 50. Rf2 Re1+ 51. Kh2 Rc1 52. Qe4 Qf7 53. f5 Kg8 54.
Qg4 Qf6 55. Re2 Kh7 56. h4 Qh6 57. Qe4 Qf6 58. Qg4 a4 59. Qe4 Rf1 60. Ra2 Qxf5
61. Qxf5+ Rxf5 62. Rxa4 Rf4 63. Kg3 Rd4 64. Rb4 Kg6 {White resigns} 0-1

[Event "Team 45 45 League T63"]
[Site "Internet Chess Club"]
[Date "2015.01.12"]
[Round "6"]
[White "Andressa"]
[Black "Grenadier"]
[Result "1-0"]
[WhiteElo "1473"]
[BlackElo "1560"]
[Opening "Caro-Kann: exchange variation"]
[ECO "B13"]
[Time "20:05:26"]
[TimeControl "2700+45"]

1. e4 c6 2. d4 d5 3. exd5 cxd5 4. Nf3 Nc6 5. Bd3 Bg4 6. h3 Bxf3 7. Qxf3 Nxd4 8.
Qg4 Nc6 9. O-O Nf6 10. Qg3 g6 11. Nc3 Bg7 12. Bf4 Nh5 13. Qh2 Nxf4 14. Qxf4 O-O
15. Rfe1 e6 16. Rab1 a6 17. Ne2 Rc8 18. c3 Qf6 19. Qa4 Ne5 20. Red1 Nxd3 21.
Rxd3 Qe7 22. Rbd1 Rc4 23. Qc2 Rfc8 24. b3 R4c6 25. Qd2 b5 26. Qe3 Qc7 27. Rc1 b4
28. c4 dxc4 29. bxc4 Rxc4 30. Rcd1 h5 31. Rd7 Qe5 32. Qf3 Qf5 33. Qb7 Rc2 34.
Kf1 Qb5 35. Qf3 Qf5 36. Qb7 Qb5 37. Qf3 f5 38. Qe3 Qe5 39. Qd3 Bf6 40. Qxa6 Qc5
41. Qxe6+ Kh8 42. Qxf6+ Kg8 43. Qg7# {Black checkmated} 1-0

[Event "Team 45 45 League T63"]
[Site "Internet Chess Club"]
[Date "2015.01.10"]
[Round "6"]
[White "zepled37"]
[Black "smsxman"]
[Result "1-0"]
[WhiteElo "1649"]
[BlackElo "1414"]
[Opening "Ruy Lopez: old Steinitz defense"]
[ECO "C62"]
[Time "07:15:20"]
[TimeControl "2700+45"]

1. e4 e5 2. Nf3 Nc6 3. Bb5 d6 4. O-O Bd7 5. c3 Be7 6. Re1 Nf6 7. d4 exd4 8. cxd4
O-O 9. h3 a6 10. Ba4 b5 11. Bb3 a5 12. Nc3 a4 13. Bc2 Nb4 14. Bb1 c6 15. a3 Na6
16. Qc2 g6 17. Bh6 Re8 18. Ba2 d5 19. exd5 cxd5 20. Qd2 b4 21. Nxd5 b3 22. Nxe7+
Rxe7 23. Rxe7 Qxe7 24. Bb1 Rc8 25. Bd3 Nc7 26. Bg5 Qd6 27. Ne5 Nfe8 28. Nxd7
Qxd7 29. Rc1 Ne6 30. Rxc8 Qxc8 31. Be3 Qd7 32. Qb4 N8c7 33. Bh6 Nxd4 34. Qf8#
{Black checkmated} 1-0

[Event "Team 45 45 League T63"]
[Site "Internet Chess Club"]
[Date "2015.01.10"]
[Round "6"]
[White "olivermx"]
[Black "GoIrish"]
[Result "0-1"]
[WhiteElo "1364"]
[BlackElo "1635"]
[Opening "Scandinavian (center counter) defense"]
[ECO "B01"]
[Time "07:00:38"]
[TimeControl "2700+45"]

1. e4 d5 2. e5 c5 3. Nf3 Nc6 4. b3 Bg4 5. Bb2 e6 6. d4 Nge7 7. c4 cxd4 8. Bxd4
Nf5 9. Bc3 d4 10. Bb2 Bc5 11. Nbd2 O-O 12. Be2 Qb6 13. O-O Rad8 14. Ne4 Bxf3 15.
Bxf3 Nxe5 16. Nxc5 Nxf3+ 17. Qxf3 Qxc5 18. Qxb7 Qe7 19. Qa6 Qd7 20. Ba3 Rfe8 21.
Bc5 d3 22. Rad1 e5 23. Bxa7 Ra8 24. Qb5 Qxb5 25. cxb5 Rxa7 26. Rxd3 Rxa2 27. Rf3
Nd4 28. Rd3 Nxb5 29. Rfd1 Nd4 30. Rxd4 exd4 {White resigns} 0-1

[Event "Team 45 45 League T63"]
[Site "Internet Chess Club"]
[Date "2015.01.12"]
[Round "6"]
[White "CaptK"]
[Black "QuieroAprender"]
[Result "1-0"]
[WhiteElo "1728"]
[BlackElo "1598"]
[Opening "Dutch with c4 & Nc3"]
[ECO "A85"]
[Time "17:00:49"]
[TimeControl "2700+45"]

1. d4 f5 2. c4 Nf6 3. Nc3 e6 4. Nf3 d5 5. g3 c6 6. Bg2 dxc4 7. Ne5 Bb4 8. Nxc4
Bxc3+ 9. bxc3 Nd5 10. Bxd5 exd5 11. Ne5 O-O 12. h4 h6 13. Bf4 Be6 14. Rb1 Qc8
15. e3 Nd7 16. Qb3 Nxe5 17. Bxe5 b6 18. Qa3 Rf7 19. O-O g5 20. hxg5 hxg5 21. Kg2
f4 22. Rh1 f3+ 23. Kg1 Bh3 24. Qd6 g4 25. Qh6 Qf5 26. Qh8# {Black checkmated}
1-0

[Event "Team 45 45 League T63"]
[Site "Internet Chess Club"]
[Date "2015.01.09"]
[Round "6"]
[White "pcvan"]
[Black "tryanything"]
[Result "1-0"]
[WhiteElo "1577"]
[BlackElo "1532"]
[Opening "Scotch game"]
[ECO "C45"]
[Time "19:58:14"]
[TimeControl "2700+45"]

1. e4 e5 2. Nf3 Nc6 3. d4 exd4 4. Nxd4 Bc5 5. Nxc6 Qf6 6. Qd2 dxc6 7. Nc3 Bd7 8.
Bc4 O-O-O 9. Qf4 Qxf4 10. Bxf4 f6 11. O-O Ne7 12. Rfe1 Ng6 13. Bg3 Ne5 14. Bb3
h5 15. Na4 Bd6 16. f4 Ng6 17. e5 fxe5 18. fxe5 h4 19. Bxh4 Rxh4 20. exd6 cxd6
21. Rad1 d5 22. Nc5 Rdh8 23. Nxd7 Kxd7 24. h3 b5 25. c3 Rf8 26. Rf1 Rhf4 27. Bc2
Rxf1+ 28. Rxf1 Rxf1+ 29. Kxf1 Ne5 30. h4 Nc4 31. Ke2 Nxb2 32. g4 Nc4 33. h5 Ke7
34. Kd3 c5 35. g5 Nd6 36. h6 gxh6 37. gxh6 Kf8 38. Ke3 Kg8 39. Kf4 Nf7 40. h7+
Kh8 41. Bg6 Nd6 42. Ke5 Nc8 43. Bb1 d4 44. cxd4 cxd4 45. Kxd4 a5 46. Kc5 b4 47.
Kb5 Nd6+ 48. Kxa5 Nc4+ 49. Kxb4 Nd2 50. a4 Nxb1 51. a5 Kxh7 52. a6 {Black
resigns} 1-0

[Event "Team 45 45 League T63"]
[Site "Internet Chess Club"]
[Date "2015.01.10"]
[Round "6"]
[White "GideonL"]
[Black "JOFRAN"]
[Result "0-1"]
[WhiteElo "1638"]
[BlackElo "1480"]
[Opening "Van't Kruijs opening"]
[ECO "A00"]
[Time "19:00:35"]
[TimeControl "2700+45"]

1. e3 c6 2. d4 d5 3. Nf3 Bf5 4. Bd3 Bxd3 5. Qxd3 Nf6 6. O-O e6 7. c4 Bd6 8. c5
Be7 9. Nc3 O-O 10. e4 dxe4 11. Nxe4 Nbd7 12. Bf4 Nxc5 13. Nxf6+ Bxf6 14. Qc2 Nd7
15. Rfe1 Nb6 16. Be5 Bxe5 17. Rxe5 Qf6 18. Rh5 g6 19. Ng5 Qf5 20. Qxf5 exf5 21.
Rh3 Rfe8 22. Nxh7 Re2 23. b3 Kg7 24. Ng5 f6 25. Kf1 Rae8 26. Rh7+ Kg8 27. Rxb7
fxg5 28. Rxa7 Nd5 29. Ra6 Rc2 30. Re1 Rxe1+ 31. Kxe1 Nb4 32. Ra8+ Kf7 33. Ra7+
Ke6 34. a3 Nd3+ 35. Kd1 Rxf2 36. Ra6 Kd5 37. Ra5+ Kxd4 38. Ra4+ {White resigns}
0-1

[Event "Team 45 45 League T63"]
[Site "Internet Chess Club"]
[Date "2015.01.09"]
[Round "6"]
[White "olivermx"]
[Black "Toalla"]
[Result "1/2-1/2"]
[WhiteElo "1370"]
[BlackElo "1379"]
[Opening "Sicilian: Alapin's variation (2.c3)"]
[ECO "B22"]
[Time "13:03:49"]
[TimeControl "2700+45"]

1. e4 c5 2. c3 Nc6 3. d4 cxd4 4. cxd4 e6 5. Nf3 Be7 6. Nc3 a6 7. Bc4 b5 8. Bb3
Nf6 9. e5 b4 10. Ne2 Ne4 11. O-O O-O 12. Bc2 d5 13. exd6 Nxd6 14. Qd3 g6 15. Bh6
Re8 16. Ba4 Qb6 17. Ne5 Nb5 18. Nxc6 Qxc6 19. Rac1 Qb6 20. Be3 Rd8 21. Bb3 Qb7
22. Nf4 Bf6 23. Rc4 Nd6 24. Rc2 Nf5 25. d5 Nh4 26. Rd2 e5 27. Ne2 Bf5 28. Qc4
Be6 29. Qc6 Qxc6 30. dxc6 Bxb3 31. axb3 Rxd2 32. Bxd2 Rc8 33. Rc1 a5 34. Be3 e4
35. Rc2 Bd8 36. Bf4 Nf5 37. c7 Be7 38. g4 Nd6 39. Nd4 Kf8 40. Rc5 Nb7 41. Rc4
Nd6 42. Rc5 Nb7 43. Rc4 Nd6 44. Rc5 {Game drawn by repetition} 1/2-1/2

[Event "Team 45 45 League T63"]
[Site "Internet Chess Club"]
[Date "2015.01.10"]
[Round "6"]
[White "drsigmund1"]
[Black "Invicta-Knight"]
[Result "1-0"]
[WhiteElo "1507"]
[BlackElo "1504"]
[Opening "King's Indian: London system"]
[ECO "A48"]
[Time "12:07:43"]
[TimeControl "2700+45"]

1. d4 Nf6 2. Nf3 g6 3. Bf4 Bg7 4. Nc3 d6 5. e4 O-O 6. Qd2 e5 7. Bg5 exd4 8. Nxd4
Qe8 9. f3 a6 10. O-O-O c5 11. Nde2 b5 12. Bh6 Be6 13. Bxg7 Kxg7 14. Nf4 Nc6 15.
Ncd5 Rd8 16. Nxf6 Kxf6 17. Nd5+ Bxd5 18. Qf4+ Kg7 19. Rxd5 Nb4 20. Rxd6 Rxd6 21.
Qxd6 Nxa2+ 22. Kb1 Nb4 23. Qxc5 Nc6 24. h4 Qd7 25. Bd3 Rc8 26. Qg5 Nb4 27. Qe3
Qe6 28. Qd4+ {Black resigns} 1-0

[Event "Team 45 45 League T63"]
[Site "Internet Chess Club"]
[Date "2015.01.09"]
[Round "6"]
[White "BrerRabbit"]
[Black "smsxman"]
[Result "0-1"]
[WhiteElo "1466"]
[BlackElo "1421"]
[Opening "Réti opening"]
[ECO "A04"]
[Time "10:47:45"]
[TimeControl "2700+45"]

1. Nf3 Nc6 2. g3 d5 3. Bg2 e5 4. d3 Nf6 5. c3 Bc5 6. Nxe5 Bxf2+ 7. Kxf2 Nxe5 8.
Rf1 Nfg4+ 9. Kg1 O-O 10. Na3 c5 11. Nc2 Qb6 12. Bxd5 c4+ 13. d4 Nf6 14. Bg2 Bg4
15. Ne3 Rad8 16. Nxg4 Nexg4 17. e4 Rfe8 18. Qc2 Nh5 19. Kh1 Qg6 20. Qe2 b5 21.
Bf4 Ngf6 22. Be5 Qh6 23. Bc7 Rd7 24. Be5 Rxe5 25. dxe5 Nxg3+ {White resigns} 0-1

[Event "Team 45 45 League T63"]
[Site "Internet Chess Club"]
[Date "2015.01.11"]
[Round "6"]
[White "Leon13"]
[Black "PsyMar"]
[Result "1-0"]
[WhiteElo "1353"]
[BlackElo "1233"]
[Opening "Giuoco Piano"]
[ECO "C50"]
[Time "11:00:46"]
[TimeControl "2700+45"]

1. e4 e5 2. Nf3 Nc6 3. Bc4 Bc5 4. O-O d6 5. d3 Bg4 6. Bxf7+ Kd7 7. h3 Bxf3 8.
Qxf3 Qf6 9. Qg4+ Ke7 10. Bg5 Kxf7 11. Bxf6 Nxf6 12. Qe2 Nd4 13. Qd1 Rhf8 14. c3
Nc6 15. a4 a6 16. b4 Ba7 17. b5 axb5 18. a5 Bb8 19. Qb3+ Kg6 20. Qxb5 Nd7 {Black
resigns} 1-0

[Event "Team 45 45 League T63"]
[Site "Internet Chess Club"]
[Date "2015.01.11"]
[Round "6"]
[White "lacibacsi"]
[Black "fkramer"]
[Result "1-0"]
[WhiteElo "2030"]
[BlackElo "1802"]
[Opening "French: advance variation"]
[ECO "C02"]
[Time "21:01:13"]
[TimeControl "2700+45"]

1. e4 e6 2. d4 d5 3. e5 Qd7 4. Nf3 b6 5. c4 dxc4 6. Nc3 Bb7 7. Bxc4 Ne7 8. O-O
Nd5 9. Be3 c5 10. Qe2 Nxe3 11. fxe3 cxd4 12. exd4 Be7 13. Rad1 Qc7 14. Bb5+ Bc6
15. d5 Bxb5 16. Qxb5+ Qd7 17. dxe6 fxe6 18. Rxd7 {Black resigns} 1-0

[Event "Team 45 45 League T63"]
[Site "Internet Chess Club"]
[Date "2015.01.10"]
[Round "6"]
[White "amicusUK"]
[Black "Cronan"]
[Result "1-0"]
[WhiteElo "1700"]
[BlackElo "1620"]
[Opening "Queen's pawn game"]
[ECO "D04"]
[Time "10:00:34"]
[TimeControl "2700+45"]

1. d4 d5 2. Nf3 Nf6 3. e3 Bf5 4. Ne5 c6 5. g4 Be4 6. f3 Bg6 7. h4 h5 8. g5 Nfd7
9. Nxg6 fxg6 10. Bd3 Kf7 11. c4 e6 12. Qc2 Bd6 13. f4 Rf8 14. Bxg6+ Kg8 15. Qd1
{Black resigns} 1-0

[Event "Team 45 45 League T63"]
[Site "Internet Chess Club"]
[Date "2015.01.07"]
[Round "6"]
[White "tightfist"]
[Black "fireball"]
[Result "1/2-1/2"]
[WhiteElo "1420"]
[BlackElo "1608"]
[Opening "Réti opening"]
[ECO "A04"]
[Time "19:03:28"]
[TimeControl "2700+45"]

1. Nf3 d6 2. d4 g6 3. c4 Bg7 4. Bf4 Nf6 5. Nc3 O-O 6. e4 c5 7. d5 Na6 8. Be2 Nh5
9. Bd2 f5 10. exf5 Bxf5 11. Nh4 Nf6 12. Nxf5 gxf5 13. O-O Nc7 14. f4 Nd7 15. Rf3
e5 16. dxe6 Nxe6 17. Rg3 Nf6 18. Bf3 Nd4 19. Bxb7 Rb8 20. Bd5+ Nxd5 21. Nxd5
Rxb2 22. Bc3 Rb7 23. Bxd4 cxd4 24. Qxd4 Kh8 25. Rxg7 Rxg7 26. Rb1 Kg8 27. Re1
Qa5 28. Re2 Qc5 29. Qe3 Qxe3+ 30. Rxe3 Rd7 31. Re6 Kg7 32. Kf2 Kf7 33. Rf6+ Ke8
34. Re6+ Kd8 35. Nf6 Rdf7 36. Nd5 Kd7 37. Rh6 Kc6 38. Re6 Kc5 39. Ne3 Rb8 40.
Kf3 Rb2 41. a3 Rb3 42. a4 Rd7 43. Rf6 Kd4 44. Re6 Rxe3+ 45. Rxe3 Kxc4 46. Ra3 a5
47. h3 d5 48. g4 fxg4+ 49. hxg4 d4 50. f5 d3 51. Ra1 d2 52. Rd1 Kd3 53. f6 h6
54. Kf4 Ke2 55. Rh1 d1=Q 56. Rxd1 Rxd1 57. Kf5 Kf3 58. f7 Rd8 59. Kg6 Kxg4 60.
Kxh6 Kf4 61. Kg7 Ke4 62. f8=Q Rxf8 63. Kxf8 Kd4 64. Ke7 Kc4 65. Kd6 Kb4 66. Kd5
Kxa4 67. Kc4 Ka3 68. Kc3 Ka2 69. Kc2 a4 70. Kc1 a3 71. Kc2 Ka1 72. Kc1 Ka2 73.
Kc2 Ka1 74. Kc1 a2 75. Kc2 {Black stalemated} 1/2-1/2

[Event "Team 45 45 League T63"]
[Site "Internet Chess Club"]
[Date "2015.01.11"]
[Round "6"]
[White "LazyPeon"]
[Black "kidcobra"]
[Result "1-0"]
[WhiteElo "1790"]
[BlackElo "1745"]
[Opening "Budapest: Adler variation"]
[ECO "A52"]
[Time "17:00:35"]
[TimeControl "2700+45"]

1. d4 Nf6 2. c4 e5 3. dxe5 Ng4 4. Nf3 Bc5 5. e3 Nc6 6. Nc3 O-O 7. Be2 Ngxe5 8.
Nxe5 Nxe5 9. O-O d6 10. b3 Ng6 11. Bb2 f5 12. Na4 Bb6 13. Qd5+ Kh8 14. Rad1 Qg5
15. c5 Bxc5 16. Nxc5 dxc5 17. Qxc5 Be6 18. Qxc7 Nh4 19. Qg3 Qxg3 20. hxg3 Ng6
21. Rd6 Rfe8 22. Bb5 Re7 23. Rfd1 Kg8 24. Rxe6 Rxe6 25. Bc4 Kf7 26. Rd7+ Ke8 27.
Bxe6 Nf8 28. Rxg7 Nxe6 29. Rg8+ Nf8 30. Ba3 Kf7 31. Rxf8+ Rxf8 32. Bxf8 Kxf8 33.
Kf1 Ke7 34. Ke2 Ke6 35. Kd3 Kd5 36. f3 Ke5 37. e4 h5 38. exf5 Kxf5 39. Kd4 Ke6
40. Ke4 Kd7 41. Kd5 Kc7 42. f4 Kb6 43. f5 Ka5 44. f6 b6 45. f7 h4 46. f8=Q b5
47. Kc5 Ka6 48. Qc8+ Ka5 49. b4+ Ka4 50. Qa6# {Black checkmated} 1-0

[Event "Team 45 45 League T63"]
[Site "Internet Chess Club"]
[Date "2015.01.10"]
[Round "6"]
[White "RamRock"]
[Black "GivePeasAChance"]
[Result "0-1"]
[WhiteElo "1671"]
[BlackElo "1793"]
[Opening "French: exchange variation"]
[ECO "C01"]
[Time "10:06:55"]
[TimeControl "2700+45"]

1. e4 e6 2. d4 d5 3. exd5 exd5 4. Bd3 c5 5. c3 cxd4 6. cxd4 Nc6 7. Nf3 Bd6 8.
Nc3 Nge7 9. h3 h6 10. Be3 Be6 11. Qd2 Rc8 12. Rc1 O-O 13. O-O Qd7 14. Rfe1 Bf5
15. Re2 Bxd3 16. Qxd3 Bb8 17. Rce1 Rfe8 18. Qd2 Ng6 19. Na4 b6 20. b3 Re6 21.
Nb2 Rce8 22. Nd3 Re4 23. Qc2 Bd6 24. Bc1 Qe6 25. Kf1 Rc8 26. Qb2 Qf5 27. Be3 Nb4
28. Nxb4 Bxb4 29. Bd2 Bxd2 30. Qxd2 Nf4 31. Rxe4 dxe4 32. Ne5 Qg5 33. Ng4 f5 34.
Ne3 Nxg2 35. Rc1 Nxe3+ 36. fxe3 Rf8 37. Rc7 f4 38. Qg2 fxe3+ 39. Kg1 e2 {White
resigns} 0-1

[Event "Team 45 45 League T63"]
[Site "Internet Chess Club"]
[Date "2015.01.10"]
[Round "6"]
[White "chessjav"]
[Black "Timotheous"]
[Result "1-0"]
[WhiteElo "1930"]
[BlackElo "1796"]
[Opening "English: symmetrical, Benoni formation"]
[ECO "A31"]
[Time "11:33:33"]
[TimeControl "2700+45"]

1. d4 Nf6 2. c4 c5 3. Nf3 g6 4. Nc3 cxd4 5. Nxd4 Nc6 6. e4 d6 7. Be2 Nxd4 8.
Qxd4 Bg7 9. Be3 O-O 10. Qd2 Be6 11. Rc1 Qa5 12. f3 Rfc8 13. b3 Rc6 14. Nd5 Qxd2+
15. Kxd2 Bxd5 16. cxd5 Rxc1 17. Rxc1 b6 18. Rc7 Kf8 19. Bb5 Ne8 20. Rb7 a6 21.
Bc6 b5 22. Rb6 {Black resigns} 1-0

[Event "Team 45 45 League T63"]
[Site "Internet Chess Club"]
[Date "2015.01.11"]
[Round "6"]
[White "hewdondada"]
[Black "Nathan-L"]
[Result "1/2-1/2"]
[WhiteElo "1772"]
[BlackElo "1771"]
[Opening "Trompowsky attack (Ruth, Opocenský opening)"]
[ECO "A45"]
[Time "18:02:03"]
[TimeControl "2700+45"]

1. d4 Nf6 2. Bg5 d5 3. Bxf6 exf6 4. c4 c6 5. cxd5 cxd5 6. g3 Nc6 7. Bg2 Be6 8.
Nc3 Bb4 9. e3 O-O 10. Ne2 Qd7 11. O-O Rac8 12. Rc1 Na5 13. Qa4 Qxa4 14. Nxa4 Nc4
15. Nf4 Bd2 16. Nxe6 fxe6 17. Rcd1 Bb4 18. a3 b5 19. axb4 bxa4 20. Ra1 Nb6 21.
Rfb1 Rc4 22. b3 Rxb4 23. bxa4 {Game drawn by mutual agreement} 1/2-1/2

[Event "Team 45 45 League T63"]
[Site "Internet Chess Club"]
[Date "2015.01.09"]
[Round "6"]
[White "jjmolina"]
[Black "primerpaso"]
[Result "1/2-1/2"]
[WhiteElo "1726"]
[BlackElo "1872"]
[Opening "Sicilian: Najdorf, Byrne (English) attack"]
[ECO "B90"]
[Time "12:07:59"]
[TimeControl "2700+45"]

1. e4 c5 2. Nf3 d6 3. d4 cxd4 4. Nxd4 Nf6 5. Nc3 a6 6. Be3 e5 7. Nb3 Be6 8. f3
Nbd7 9. Qd2 b5 10. O-O-O b4 11. Nd5 Bxd5 12. exd5 Nb6 13. Qxb4 Nfxd5 14. Bxb6
Nxb4 15. Bxd8 Kxd8 16. a3 Nc6 17. Nc5 a5 18. Bc4 Nd4 19. Bd5 Ra7 20. Nb3 Ne6 21.
g3 Kd7 22. Rhe1 a4 23. Nd2 Be7 24. Nc4 Kc7 25. Ne3 Rb8 26. h4 Ra5 27. Be4 Rab5
28. Nd5+ Kd7 29. Nb4 Rc8 30. Bd5 Bd8 31. c3 Ba5 32. Kb1 Bxb4 33. axb4 f5 34. Ka2
Rc7 35. Ka3 Ra7 36. c4 Rb8 37. Bxe6+ Kxe6 38. Rd5 Rc7 39. b3 axb3 40. Kxb3 Rbc8
41. Red1 Rc6 42. b5 Rb6 43. Kb4 Rcb8 44. Ra1 h6 45. Ra7 R8b7 46. Ra8 Rb8 47. Ra7
R8b7 48. Ra8 Rb8 49. Ra7 R8b7 50. Ra5 g5 51. f4 exf4 52. gxf4 gxh4 53. Ra3 Rg7
54. Re3+ Kf6 55. Re8 Rg4 56. Rf8+ Kg7 57. Rfxf5 Kg6 58. Ka5 Rb8 {Game drawn by
mutual agreement} 1/2-1/2